 Dungeon Crawl Stone Soup version 0.31-a0-73-g838c19eb66 (webtiles) character file.

Game seed: 14567708341488271788

26140 Conn the Thaumaturge (level 13, -30/112 HPs)
             Began as an Octopode Fire Elementalist on May 13, 2023.
             Was a Believer of Sif Muna.
             Annihilated by a white ugly thing (31 damage)
             ... on level 14 of the Dungeon on May 23, 2023.
             The game lasted 00:50:53 (16756 turns).

Conn the Thaumaturge (Octopode Fire Elementalist)  Turns: 16756, Time: 00:50:56

Health: -30/112    AC:  5    Str: 10    XL:     13   Next: 24%
Magic:  2/38       EV: 13    Int: 31    God:    Sif Muna [**....]
Gold:   443        SH:  5    Dex: 12    Spells: 4/37 levels left

rFire   + + .        M - staff of cold "Usyxom" {rC+ Str+3 Int+8}
rCold   . . .        (no shield)
rNeg    . . .        (helmet restricted)
rPois   .            i - amulet of reflection
rElec   .            j - ring of fire
rCorr   .            v - ring of magical power
SInv    .            N - ring of protection from fire
Will    .....        O - ring of flight Stlth
                     y - +4 ring of protection
HPRegen 0.38/turn    (no ring)
MPRegen 0.26/turn    (no ring)
                     (no ring)

%: reflection
@: berserking, flying, studying Long Blades, very quick
A: almost no armour, amphibious, 8 rings, camouflage 1, gelatinous body 1,
(nimble swimmer 1), tentacles, sense surroundings 1
a: Renounce Religion, Channel Magic


You were on level 14 of the Dungeon.
You worshipped Sif Muna.
Sif Muna was pleased with you.
You visited 2 branches of the dungeon, and saw 15 of its levels.

You collected 803 gold pieces.
You spent 360 gold pieces at shops.

Inventory:

Hand Weapons
 b - a +2 shortbow of freezing
 c - a +0 short sword
 r - a +3 spear
 R - the +3 short sword "Impslayer" {heavy, Fly rC+ Will+++ Dex-3}
   (You found it on level 13 of the Dungeon)

   Dex:       It affects your dexterity (-3).
   rC:        It protects you from cold.
   Fly:       It grants you flight.
   Will:      It greatly increases your willpower.
Missiles
 d - 31 poisoned darts
 A - 2 throwing nets
 G - 3 curare-tipped darts
Armour
 H - a +3 kite shield
Magical Staves
 a - a staff of fire
 m - a staff of cold
 M - the staff of cold "Usyxom" (weapon) {rC+ Str+3 Int+8}
   (You found it on level 10 of the Dungeon)

   [staff of cold]

   Base accuracy: +5 Base damage: 5 Base attack delay: 1.2 This weapon's minimum
   attack delay (0.6) is reached at skill level 12.
   Str:       It affects your strength (+3).
   Int:       It affects your intelligence (+8).
   rC:        It protects you from cold.
   It falls into the 'Staves' category.
   It is a one-tentacled weapon.
Jewellery
 f - an amulet of guardian spirit
 i - an amulet of reflection (around mantle)
 j - a ring of fire (left tentacle)
 v - a ring of magical power (right tentacle)
 y - a +4 ring of protection (on tentacle)
 N - a ring of protection from fire (on tentacle)
 O - a ring of flight (on tentacle)
Wands
 e - a wand of digging (20)
 s - a wand of flame (53)
 z - a wand of roots (7)
 F - a wand of light (14)
 S - a wand of paralysis (8)
Scrolls
 g - 4 scrolls of identify
 k - 4 scrolls of immolation
 l - a scroll of butterflies
 q - 3 scrolls of fog
 t - 4 scrolls of teleportation
 u - a scroll of blinking
 w - 6 scrolls of amnesia
 D - 3 scrolls of fear
 L - 4 scrolls of poison
 P - a scroll of enchant weapon
Potions
 n - a potion of resistance
 o - 4 potions of enlightenment
 p - 5 potions of heal wounds
 x - a potion of haste
 B - 10 potions of might
 C - a potion of invisibility
 E - 3 potions of mutation
 I - 2 potions of magic
 J - a potion of berserk rage
 K - 5 potions of curing
 Q - a potion of cancellation


   Skills:
 + Level 2.3 Fighting
 + Level 0.5 Short Blades
 + Level 1.2 Staves
 + Level 3.0 Dodging
 + Level 4.9 Stealth
 * Level 5.3 Shields
 * Level 12.8 Spellcasting
 * Level 8.7 Conjurations
 + Level 2.5 Hexes
 + Level 4.6 Summonings
 + Level 9.5 Fire Magic
 + Level 4.4 Ice Magic
 + Level 0.5 Air Magic
 * Level 6.7 Invocations
 + Level 1.1 Evocations


You had 4 spell levels left.
You knew the following spells:

 Your Spells              Type           Power      Damage    Failure   Level
a - Foxfire               Conj/Fire      100%       2x1d9     1%          1
b - Scorch                Fire           100%       2d9       1%          2
c - Inner Flame           Hex/Fire       63%        N/A       1%          3
d - Flame Wave            Conj/Fire      79%        2d17      1%          4
e - Ozocubu's Armour      Ice            63%        N/A       1%          3
f - Hailstorm             Conj/Ice       66%        3d14      1%          3
g - Summon Guardian Gole  Hex/Summ       32%        N/A       3%          3
h - Iskenderun's Mystic   Conj/Tloc      37%        2d9       8%          4
i - Summon Lightning Spi  Summ/Air       26%        N/A       16%         4
j - Starburst             Conj/Fire      39%        6d11      17%         6

Your spell library contained the following spells:

 Spells                   Type           Power      Damage    Failure   Level
 Freeze                   Ice            100%       1d10      1%          1
 Summon Small Mammal      Summ           100%       N/A       1%          1
 Static Discharge         Conj/Air       76%        2-6/arc   1%          2
 Call Canine Familiar     Summ           48%        N/A       1%          3
 Dazzling Flash           Conj/Hex       90%        N/A       1%          3
 Frozen Ramparts          Ice            100%       1d16      1%          3
 Volatile Blastmotes      Fire/Tloc      100%       2d18      1%          3
 Apportation              Tloc           40%        N/A       2%          1
 Necrotise                Necr           76%        1d7       2%          1
 Fulminant Prism          Conj/Hex       22%        3d12      4%          4
 Vampiric Draining        Necr           19%        2d7       8%          3
 Airstrike                Air            11%        2d(2-18)  19%         4
 Metabolic Englaciation   Hex/Ice        23%        N/A       30%         5
 Summon Forest            Summ/Tloc      12%        N/A       45%         5
 Orb of Destruction       Conj           32%        9d10      50%         7
 Agony                    Necr           19%        N/A       56%         5
 Lee's Rapid Deconstruct  Erth           9%         3d7*      56%         5
 Spellforged Servitor     Conj/Summ      25%        N/A       95%         7
 Simulacrum               Ice/Necr       17%        N/A       96%         6
 Summon Hydra             Summ           24%        N/A       97%         7
 Eringya's Noxious Bog    Tmut/Pois      4%         N/A       100%        6
 Summon Horrible Things   Summ           24%        N/A       100%        8


Dungeon Overview and Level Annotations

Branches:
Dungeon (14/15)            Temple (1/1) D:6            Lair (0/5) D:8
    Orc (0/2) D:12
 Vaults: D:13-14

Altars:
Ashenzari
Cheibriados
Dithmenos
Elyvilon
Fedhas
Gozag
Hepliaklqana
Kikubaaqudgha
Makhleb
Nemelex Xobeh
Okawaru
Qazlal
Ru
Sif Muna
Trog
Uskayaw
Vehumet
Wu Jian
Xom
Yredelemnul
Zin
The Shining One

Shops:
D:9 [=(*


Innate Abilities, Weirdness & Mutations

You cannot wear most types of armour.
You are amphibious.
You can wear up to eight rings at the same time.
Your skin changes colour to match your surroundings (Stealth+).
Your rubbery body absorbs attacks. (AC +1, EV +1)
((You are camouflaged when in or above water. (Stealth+)))
You have tentacles for arms and can constrict up to eight enemies at once.
You passively map a small area around you.


Message History

Your lightning spire disappears in a puff of smoke!
Casting: Iskenderun's Mystic Blast (dangerous; 8% risk of failure)
Confirm with . or Enter, or press ? or * to list all spells.
An electric hum fills the air.
Aiming: Fastroot
Press: ? - help, Shift-Dir - straight line, f - white ugly thing
Aim: a white ugly thing (flame, lightly wounded, ally target)
The roots erupt in riotous growth!
Roots grab the white ugly thing.
The grasping roots constrict the white ugly thing.
The white ugly thing is engulfed in blazing flames.
The white ugly thing escapes!
You hit the white ugly thing but do no damage.
Your grab misses the white ugly thing.
You squeeze the white ugly thing, but do no damage.
The white ugly thing is heavily wounded.
The white ugly thing is engulfed in blazing flames.
The white ugly thing engulfs you. The white ugly thing freezes you!!
* * * LOW HITPOINT WARNING * * *
A red film seems to cover your vision as you go berserk!
You feel yourself moving faster!
You feel mighty!
The white ugly thing is engulfed in blazing flames.
The white ugly thing engulfs you!
* * * LOW HITPOINT WARNING * * *
The white ugly thing freezes you!
* * * LOW HITPOINT WARNING * * *
You barely miss the white ugly thing. You grab the white ugly thing.
The white ugly thing is almost dead.
You constrict the white ugly thing, but do no damage.
The white ugly thing is engulfed in blazing flames. x2
You kill the white ugly thing!
Sif Muna accepts your kill.
You hit the white ugly thing. You grab the white ugly thing.
The white ugly thing is heavily wounded.
You constrict the white ugly thing, but do no damage.
The white ugly thing is engulfed in blazing flames.
The white ugly thing punches you!
* * * LOW HITPOINT WARNING * * *
The white ugly thing freezes you!!
You die...

,,* *,* *,,,,* '** #,** ###*****
,*** *.,* #.# ,,,* *#.* #.#
**'****##.###'######
,,,,,,*#......†....###########
,,,,,,*#...........'.#.......####
,,,,,,*#...).§§u...#............#
,,,,,,,#..p..☼)§@..###.......##..
,,,,,,,#......§§...# #.......####
,,,,,,............8# #.......# #
>,,,,,##p..........# ####.####
*******##+########## #.# ** *,,,*
#.# ,* ###+###### #.#
+*******#........# #.#
,,,,,*,,+......[.########.#


You could see a vault guard, a white ugly thing (ally target) and a friendly
lightning spire (summoned).

Vanquished Creatures
  A vault guard (D:14)
  A hydra (D:13)
  2 centaur warriors
  A two-headed ogre (D:9)
  Amaemon (D:9)
  3 deep elf pyromancers
  5 ugly things
  2 cyclopes
  2 manticores
  Joseph (D:9)
  An ice statue (D:10)
  A gargoyle (D:11)
  2 unseen horrors
  An orange demon (D:9)
  A komodo dragon (D:13)
  8 trolls
  The ghost of schwarznadel the Insei, an amateur GnMo (D:4)
  Grinder (D:5)
  4 slime creatures (D:12)
  A shadow (D:10)
  A wraith (D:12)
  A vampire (D:9)
  25 yaks
  A steam dragon (D:4)
  7 vampire mosquitoes
  A water moccasin (D:7)
  Duvessa (D:5)
  5 orc warriors
  4 black bears
  9 ogres
  A sky beast (D:6)
  8 centaurs
  A phantom (D:4)
  Blork the orc (D:6)
  7 kobold brigands
  8 bullfrogs
  2 gnoll sergeants
  3 scorpions
  7 wights
  Dowan (D:5)
  6 killer bees (D:9)
  2 electric eels (D:10)
  6 howler monkeys
  4 hounds
  2 orc priests
  4 jellies
  Crazy Yiuf (D:4)
  2 gnoll boudas
  An iron imp (D:12)
  10 orc wizards
  A sleepcap (D:8)
  4 iguanas
  6 adders
  16 gnolls
  2 white imps (D:7)
  3 dart slugs
  27 orcs
  8 ball pythons
  7 endoplasms
  2 giant cockroaches (D:2)
  10 hobgoblins
  3 jackals (D:1)
  A quokka (D:2)
  7 bats
  2 frilled lizards (D:2)
  3 goblins
  15 kobolds
  8 rats
297 creatures vanquished.

Vanquished Creatures (collateral kills)
  A fire crab (shapeshifter) (D:14)
  An ugly thing (D:14)
  A komodo dragon (D:11)
  A howler monkey (D:11)
  An orc priest (D:11)
  An orc wizard (D:11)
6 creatures vanquished.

Vanquished Creatures (others)
  A vault guard (D:14)
  944 foxfires
945 creatures vanquished.

Grand Total: 1248 creatures vanquished

Notes
Turn   | Place    | Note
-------+----------+-------------------------------------------
     0 | D:1      | Conn the Octopode Fire Elementalist began the quest for the
                  | Orb.
     0 | D:1      | Reached XP level 1. HP: 11/11 MP: 3/3
   187 | D:1      | Reached XP level 2. HP: 15/17 MP: 0/5
   520 | D:1      | Reached XP level 3. HP: 21/21 MP: 0/6
   935 | D:2      | Learned a level 2 spell: Scorch
   939 | D:2      | Learned a level 3 spell: Inner Flame
  1129 | D:2      | Reached XP level 4. HP: 18/27 MP: 8/8
  1364 | D:2      | Found a faded altar of an unknown god.
  1388 | D:2      | Learned a level 1 spell: Freeze
  1824 | D:3      | Found a blossoming altar of Fedhas.
  1978 | D:3      | Found a radiant altar of Vehumet.
  1985 | D:3      | Reached skill level 3 in Spellcasting
  1985 | D:3      | Reached XP level 5. HP: 31/31 MP: 4/9
  2180 | D:3      | Reached skill level 1 in Fighting
  2315 | D:3      | Found a bloodstained altar of Trog.
  2610 | D:3      | Found an ornate altar of the Wu Jian Council.
  2945 | D:4      | Noticed a steam dragon
  2956 | D:4      | Killed a steam dragon
  2957 | D:4      | Reached skill level 1 in Ice Magic
  2957 | D:4      | Reached XP level 6. HP: 38/38 MP: 5/11
  3103 | D:4      | Found a runed translucent door.
  3107 | D:4      | Noticed schwarznadel's ghost (amateur GnMo)
  3160 | D:4      | Learned a level 4 spell: Flame Wave
  3264 | D:4      | Reached XP level 7. HP: 43/43 MP: 12/12
  3313 | D:4      | Found a white marble altar of Elyvilon.
  3450 | D:4      | You fall into a shaft and drop 1 floor!
  3450 | D:5      | Entered Level 5 of the Dungeon
  3486 | D:5      | Noticed Duvessa
  3486 | D:5      | Noticed Dowan
  3497 | D:5      | Killed Duvessa
  3497 | D:5      | Killed Dowan
  3498 | D:5      | Reached skill level 4 in Spellcasting
  3500 | D:5      | HP: 2/43 [poisoned by you (poison gas)]
  3644 | D:4      | Reached skill level 5 in Fire Magic
  4022 | D:4      | Found a runed translucent door.
  4023 | D:4      | Noticed Crazy Yiuf
  4028 | D:4      | Killed Crazy Yiuf
  4143 | D:4      | Learned a level 3 spell: Hailstorm
  4149 | D:4      | Killed schwarznadel's ghost
  4150 | D:4      | Reached skill level 5 in Spellcasting
  4150 | D:4      | Reached XP level 8. HP: 43/48 MP: 15/15
  4206 | D:5      | Found a glowing silver altar of Zin.
  4312 | D:5      | Noticed Grinder
  4321 | D:5      | Killed Grinder
  4386 | D:5      | Identified the +1 ring mail of Omission {rF+ Will+}
  4445 | D:5      | Reached skill level 6 in Spellcasting
  4445 | D:5      | Reached skill level 1 in Hexes
  4674 | D:5      | Learned a level 3 spell: Summon Guardian Golem
  5095 | D:6      | Noticed Blork the orc
  5101 | D:6      | Killed Blork the orc
  5302 | D:6      | Reached skill level 1 in Summonings
  5368 | D:6      | Reached XP level 9. HP: 52/53 MP: 17/19
  5371 | D:6      | Reached skill level 7 in Spellcasting
  5629 | D:6      | Found a staircase to the Ecumenical Temple.
  5669 | Temple   | Entered the Ecumenical Temple
  5782 | D:6      | Identified a scroll of acquirement
  5863 | D:6      | Acquired Sif Muna's Vellum of Amassed Cold
  5870 | D:6      | Learned a level 4 spell: Iskenderun's Mystic Blast
  6430 | D:7      | Killed an unseen horror
  6888 | D:7      | Reached skill level 5 in Conjurations
  6989 | D:7      | Found a shimmering altar of Xom.
  6996 | D:7      | Reached skill level 8 in Spellcasting
  7026 | D:7      | Reached XP level 10. HP: 59/59 MP: 13/22
  7658 | D:8      | Gained mutation: You passively map a small area around you.
                  | [potion of mutation]
  7860 | D:8      | Reached skill level 1 in Staves
  7860 | D:8      | Reached skill level 9 in Spellcasting
  7941 | D:8      | Found a staircase to the Lair.
  8238 | D:8      | Noticed a deep elf pyromancer
  8253 | D:8      | Killed a deep elf pyromancer
  8412 | D:8      | Learned a level 3 spell: Ozocubu's Armour
  8417 | D:8      | Learned a level 4 spell: Summon Lightning Spire
  8572 | D:8      | Reached skill level 1 in Shields
  8698 | D:8      | Found a shimmering blue altar of Sif Muna.
  8702 | D:8      | Became a worshipper of Sif Muna the Loreminder
  8714 | D:8      | Got Sif Muna's Folio of the Jaunt
  9063 | D:9      | Found Iriet's Armour Shoppe.
  9074 | D:9      | Noticed Joseph
  9086 | D:9      | Killed Joseph
  9087 | D:9      | Reached skill level 1 in Invocations
  9193 | D:9      | Found Puics's Jewellery Emporium.
  9201 | D:9      | Bought an amulet of reflection for 360 gold pieces
  9244 | D:9      | Noticed a two-headed ogre
  9250 | D:9      | Killed a two-headed ogre
  9492 | D:9      | Reached XP level 11. HP: 41/64 MP: 19/24
  9609 | D:9      | Reached skill level 10 in Spellcasting
  9671 | D:9      | Found Qeenkud's General Store.
  9918 | D:9      | Found Dokhlou's Antique Armour Emporium.
  9955 | D:9      | Found Taeghun's Weapon Shoppe.
 10053 | D:9      | Noticed Amaemon
 10074 | D:9      | Killed Amaemon
 10375 | D:10     | Entered Level 10 of the Dungeon
 10398 | D:10     | Reached * piety under Sif Muna
 10774 | D:10     | Identified the staff of cold "Usyxom" {rC+ Str+3 Int+8}
 10780 | D:10     | Identified the +5 spear "Baisiut" {freeze, Will+ Str-2
                  | SInv}
 10784 | D:10     | Identified the +0 robe "Mizaif" {rC+ Dex+5}
 10940 | D:10     | Found a sparkling altar of Nemelex Xobeh.
 11250 | D:10     | Found a sacrificial altar of Ru.
 11433 | D:10     | Found a glowing golden altar of the Shining One.
 11806 | D:11     | Reached skill level 11 in Spellcasting
 11974 | D:11     | Reached XP level 12. HP: 65/70 MP: 19/27
 13235 | D:12     | Reached skill level 1 in Evocations
 13428 | D:12     | Reached ** piety under Sif Muna
 13496 | D:12     | Reached skill level 5 in Invocations
 14617 | D:12     | Found a snail-covered altar of Cheibriados.
 14851 | D:12     | Found a staircase to the Orcish Mines.
 15085 | D:13     | Noticed a seven-headed hydra
 15091 | D:13     | Killed a seven-headed hydra
 15092 | D:13     | Reached skill level 12 in Spellcasting
 16139 | D:13     | Identified the +3 short sword "Impslayer" {heavy, Fly rC+
                  | Will+++ Dex-3}
 16150 | D:13     | Learned a level 6 spell: Starburst
 16337 | D:13     | Noticed a centaur warrior
 16346 | D:13     | Killed a centaur warrior
 16347 | D:13     | Reached skill level 5 in Shields
 16347 | D:13     | Reached XP level 13. HP: 58/75 MP: 25/29
 16410 | D:13     | Upgraded the game from 0.31-a0-20-g13bd767e95 to
                  | 0.31-a0-73-g838c19eb66
 16720 | D:14     | Noticed a vault guard
 16727 | D:14     | Killed a vault guard
 16737 | D:14     | Noticed a vault guard
 16738 | D:14     | Noticed a vault guard
 16750 | D:14     | Killed a vault guard
 16756 | D:14     | HP: 1/112 [white ugly thing (7)]
 16756 | D:14     | Annihilated by a white ugly thing

Illustrated notes

Levels and vault maps discovered:
D:1:      erik_arrival_blinker_ship, layout_rooms, minmay_pentomino_u2
D:2:      mumra_celtic_spiral_tile, layout_basic, ebering_ecumenical_altar_box,
          hangedman_decor_growths, st_stairs_7, nrook_uturn, minmay_circle_x
D:3:      layout_loops_ring, nicolae_wu_jian_immortal_techniques,
          vehumet_altar_wand_db, fedhas_ov_isle_minmay,
          mainiacjoe_overflow_catwalk
D:4:      layout_basic, general_overflow_altar, ebering_ghost_sewer_d,
          minmay_misc_feat_room, kennysheep_cross_room, uniq_crazy_yiuf_cottage
D:5:      layout_gridville, zin_treasury, uniq_duvessa, uniq_grinder
D:6:      cheibrodos_thug_alley, layout_basic, temple_pool_b,
          nicolae_lava_and_water, kennysheep_generic_room_10, uniq_blork_the_orc
D:7:      minmay_s_stair_smasher, layout_cave_pools, overflow_temple_1_default,
          amcnicky_mini_rare_corridor_liquid
D:8:      layout_loops_corners, led_sif_book, grunt_lair_entry_orc_guard_hut,
          guppyfry_early_elven_hall
D:9:      layout_gridville, serial_shops, nicolae_shop_trees,
          nicolae_stop_n_shop_1, nicolae_shop_tiny_waterfront, shop,
          nicolae_shop_pleasant_corner_grove, uniq_joseph, uniq_amaemon
D:10:     statuecave_lemuel, layout_irregular_city,
          mainiacjoe_overflow_alcove_1, nicolae_ru_path_of_blood,
          amcnicky_altar_gilded, kennysheep_generic_room_4
D:11:     layout_layer_cave
D:12:     layout_layer_cave, kennysheep_orc_monster_closet_entryway,
          chei_slow_surprise
D:13:     layout_stronghold
D:14:     layout_roguey, erik_vaults_2, gauntlet_entry_generic,
          minmay_staircase_bubble
Temple:   jpeg_temple_clearing

Skill      XL: |  1  2  3  4  5  6  7  8  9 10 11 12 |
---------------+-------------------------------------+-----
Stealth        | 3 4 |  4.9
Conjurations   | 2 3 4 5 7 8 |  8.7
Spellcasting   | 3 5 6 8 9 11 12 | 12.8
Fighting       | 1 2 |  2.3
Fire Magic     | 4 5 6 7 8 9 |  9.5
Ice Magic      | 1 2 3 4 |  4.4
Hexes          | 1 2 |  2.5
Summonings     | 1 3 4 |  4.6
Staves         | 1 |  1.2
Shields        | 2 3 5 |  5.3
Invocations    | 2 4 6 |  6.7
Evocations     | 1 |  1.1
Dodging        | 3 |  3.0
Short Blades   | |  0.5
Air Magic      | |  0.5

Action                     |  1- 3 |  4- 6 |  7- 9 | 10-12 | 13-15 || total
---------------------------+-------+-------+-------+-------+-------++-------
  Melee: Short sword       |    56 |    12 |       |       |       ||    68
         Constrict         |    15 |     5 |     3 |     7 |     3 ||    33
         Tentacles         |    11 |     4 |     3 |     8 |     2 ||    28
         Staff             |       |    12 |     8 |    33 |     5 ||    58
   Cast: Foxfire           |    40 |    38 |   136 |   316 |     8 ||   538
         Scorch            |       |    20 |    48 |    91 |    16 ||   175
         Inner Flame       |       |     3 |    12 |    20 |     3 ||    38
         Flame Wave        |       |       |     2 |    37 |     2 ||    41
         Summon Guardian G |       |       |       |    18 |     2 ||    20
         Ozocubu's Armour  |       |       |       |     5 |     2 ||     7
         Summon Lightning  |       |       |       |     7 |     3 ||    10
         Iskenderun's Myst |       |       |       |     3 |     3 ||     6
         Starburst         |       |       |       |       |     2 ||     2
 Invoke: Channel Magic     |       |       |       |       |     1 ||     1
  Evoke: Wand              |       |       |       |     1 |     1 ||     2
    Use: Potion            |       |     3 |     1 |     6 |     1 ||    11
         Scroll            |       |       |    15 |    10 |     2 ||    27
   Stab: Sleeping          |     7 |     4 |     2 |       |       ||    13
 Armour: Skin              |    12 |     2 |     2 |    13 |       ||    29
  Dodge: Dodged            |    42 |    13 |    22 |    62 |    10 ||   149
  Block: Other             |       |       |       |    13 |     1 ||    14
         Reflection        |       |       |       |     3 |       ||     3

Table legend: (Time is in decaauts)
 A = Elapsed time spent in this place.
 B = Non-inter-level travel time spent in this place.
 C = Inter-level travel time spent in this place.
 D = Time resting spent in this place.
 E = Time spent auto-exploring this place.
 F = Levels seen in this place.
 G = Mean time per level.
                   A        B        C        D        E       F      G
               +--------+--------+--------+--------+--------+-----+--------+
         Total |  16781 |  16429 |    352 |    988 |  11683 |  15 | 1118.7 |
       Dungeon |  16672 |  16333 |    339 |    988 |  11622 |  14 | 1190.9 |
        Temple |    108 |     95 |     13 |      0 |     61 |   1 |  108.0 |
               +--------+--------+--------+--------+--------+-----+--------+

Top non-repeatable levels by time:
    D:12: 1969 daAuts
    D:13: 1528 daAuts
     D:8: 1510 daAuts
    D:10: 1418 daAuts
     D:6: 1337 daAuts
    D:11: 1244 daAuts
     D:9: 1216 daAuts
     D:4: 1161 daAuts
     D:5: 1158 daAuts
     D:3: 1059 daAuts
     D:2: 1052 daAuts
     D:7: 1020 daAuts
     D:1: 753 daAuts
    D:14: 241 daAuts
  Temple: 108 daAuts
